 Dungeon Crawl Stone Soup version 0.20.0-7-g3b7b877 (webtiles) character file.

625 HeyBub the Slasher (level 7, -9/61 HPs)
             Began as a Minotaur Monk on May 30, 2017.
             Was a Believer of Okawaru.
             Mangled by Nelagend's ghost (12 damage)
             ... on level 5 of the Dungeon.
             The game lasted 00:07:42 (3588 turns).

HeyBub the Slasher (Minotaur Monk)                  Turns: 3588, Time: 00:07:43

Health: -9/61      AC:  6    Str: 15 (18) XL:     7   Next: 23%
Magic:  24/24      EV: 14    Int:  5 (7)  God:    Okawaru [**....]
Gold:   180        SH:  2    Dex: 12 (14) Spells: 6/6 levels left

rFire    . . .     SeeInvis .   a - +0 falchion
rCold    . . .     Gourm    .   (no shield)
rNeg     . . .     Faith    .   b - +0 robe
rPois    .         Spirit   .   (helmet restricted)
rElec    .         Reflect  +   (no cloak)
rCorr    .         Harm     .   (no gloves)
MR       .....                  (no boots)
Stlth    ++........             y - amulet "Fiegac" {Reflect Fragile MP+9 Dex+2 SH+2}
Regen    0.2/turn               p - +4 ring of protection
MPRegen  0.2/turn               k - ring of magical power (curse)

@: no status effects
A: retaliatory headbutt, horns 2
a: Heroism, Renounce Religion


You were on level 5 of the Dungeon.
You worshipped Okawaru.
Okawaru was pleased with you.
You were hungry.

You visited 2 branches of the dungeon, and saw 6 of its levels.

You collected 180 gold pieces.

Inventory:

Hand Weapons
 a - a +0 falchion (weapon)
Missiles
 m - 2 tomahawks (quivered)
Armour
 b - a +0 robe (worn)
Jewellery
 k - a cursed ring of magical power (right hand)
 p - a +4 ring of protection (left hand)
 y - the amulet "Fiegac" (around neck) {Reflect Fragile MP+9 Dex+2 SH+2}
   (You found it on level 4 of the Dungeon)

   [amulet of reflection]

   It shields you and reflects attacks.
   It affects your dexterity (+2).
   It affects your magic capacity (+9).
   It will be destroyed if unequipped.
   It affects your SH (+2).
Wands
 d - a wand of random effects (25/48)
 B - a wand of lightning (10/15)
Scrolls
 g - a scroll of random uselessness
 i - 4 scrolls of identify
 q - a scroll of remove curse
 s - 2 scrolls of fear {unknown}
 t - 2 scrolls of amnesia
 u - a scroll of blinking
 v - a scroll of fog {unknown}
 w - a scroll of recharging {unknown}
Potions
 h - a potion of agility
 j - a potion of degeneration
 z - a potion of might {unknown}
Comestibles
 c - 5 bread rations
 f - 2 royal jellies
 n - 2 fruits
 A - a chunk of flesh


   Skills:
 + Level 5.6 Fighting
 + Level 7.2 Long Blades
 + Level 5.1 Dodging
 + Level 3.0 Stealth


You had 6 spell levels left.
You didn't know any spells.

Dungeon Overview and Level Annotations

Branches:
Dungeon (5/15)             Temple (1/1) D:4

Altars:
Dithmenos
Makhleb
Okawaru
Sif Muna
Zin

Shops:
D:4 ([:

Annotations:
D:5 Nelagend's ghost, novice TrIE


Innate Abilities, Weirdness & Mutations

You reflexively headbutt those who attack you in melee.
You have a pair of horns on your head.


Message History

* * * LOW HITPOINT WARNING * * *
It was a potion of flight.
Your roots keep you in place.
Nelagend's ghost says, "I shall send you to the shadows!"
Nelagend's ghost hits you but does no damage.
It was a potion of brilliance.
You feel clever all of a sudden.
Nelagend's ghost hits you but does no damage.
It was a potion of cancellation.
Your magical effects are unravelling.
You feel magically purged.
You feel less wooden.
Your +0 robe unmelds from your body.
You feel a little less clever now.
You feel a little less agile now.
Nelagend's ghost points at you and mumbles some strange words.
The puff of frost hits you!
* * * LOW HITPOINT WARNING * * *
You hit Nelagend's ghost but do no damage.
Nelagend's ghost is lightly damaged.
Nelagend's ghost hits you!
You die...

############# ##
#...........###..
#...............#
#....................##
#.....@.......##...#...
#......W...<....o......
#................(...#
#....................##
#.........(##..........
#.........(##..........
##########.....<.......
#..(...........
#...........^...


You could see Nelagend's ghost.

Vanquished Creatures
  2 big kobolds (D:3)
  A howler monkey (D:4)
  An orc priest (D:3)
  An orc wizard (D:3)
  A bullfrog skeleton (D:5)
  Jessica (D:2)
  Natasha (thrice) (D:2)
  3 worker ants
  Terence (D:2)
  7 adders
  2 worms (D:3)
  3 dart slugs
  A leopard gecko (D:3)
  4 orcs (D:3)
  8 bats
  3 giant cockroaches
  9 goblins
  9 hobgoblins
  4 jackals (D:3)
  20 kobolds
  4 quokkas
  2 ball pythons (D:4)
  5 frilled lizards
  7 rats
102 creatures vanquished.

Notes
Turn   | Place    | Note
-------+----------+-------------------------------------------
     0 | D:1      | HeyBub the Minotaur Monk began the quest for the Orb.
     0 | D:1      | Reached XP level 1. HP: 19/19 MP: 0/0
   280 | D:1      | Reached XP level 2. HP: 27/27 MP: 1/1
   314 | D:1      | Reached skill level 4 in Long Blades
   682 | D:1      | Reached XP level 3. HP: 28/33 MP: 2/2
   840 | D:2      | Noticed Natasha
   849 | D:2      | Killed Natasha
   896 | D:2      | Noticed Jessica
   908 | D:2      | Killed Jessica
   908 | D:2      | Reached XP level 4. HP: 28/41 MP: 3/3
  1033 | D:2      | Noticed Natasha
  1039 | D:2      | Killed Natasha
  1184 | D:2      | Reached skill level 5 in Long Blades
  1220 | D:2      | Noticed Terence
  1228 | D:2      | Killed Terence
  1228 | D:2      | Reached XP level 5. HP: 40/47 MP: 4/4
  1362 | D:2      | Noticed Natasha
  1373 | D:2      | Reached skill level 5 in Fighting
  1380 | D:2      | Killed Natasha
  1900 | D:3      | Reached XP level 6. HP: 24/56 MP: 5/5
  1970 | D:3      | Reached skill level 6 in Long Blades
  2315 | D:3      | Found a shadowy altar of Dithmenos.
  3076 | D:4      | Reached XP level 7. HP: 60/61 MP: 5/6
  3080 | D:4      | Reached skill level 7 in Long Blades
  3080 | D:4      | Reached skill level 5 in Dodging
  3230 | D:4      | Found Cutaum's Armour Shoppe.
  3274 | D:4      | Got a warped sapphire amulet
  3287 | D:4      | Found Meufin's Book Boutique.
  3294 | D:4      | Identified the amulet "Fiegac" {Reflect Fragile MP+9 Dex+2 SH+2} (You found it on level 4 of the Dungeon)
  3344 | D:4      | Found Umodum's Weapon Emporium.
  3399 | D:4      | Found a staircase to the Ecumenical Temple.
  3409 | Temple   | Entered the Ecumenical Temple
  3443 | Temple   | Became a worshipper of Warmaster Okawaru
  3443 | Temple   | Reached * piety under Okawaru
  3443 | Temple   | Reached ** piety under Okawaru
  3546 | D:5      | Entered Level 5 of the Dungeon
  3549 | D:5      | Noticed Nelagend's ghost (novice TrIE)
  3587 | D:5      | HP: 3/61 [Nelagend's ghost/puff of frost (5)]
  3588 | D:5      | Mangled by Nelagend's ghost

Skill      XL: |  1  2  3  4  5  6  7 |
---------------+----------------------+-----
Fighting       | 4 5 |  5.6
Long Blades    | 4 5 6 7 |  7.2
Dodging        | 4 5 |  5.1
Stealth        | 2 3 |  3.0

Action                   |  1- 3 |  4- 6 |  7- 9 || total
-------------------------+-------+-------+-------++-------
Melee: Falchion          |    44 |   161 |    38 ||   243
       Headbutt          |    12 |    30 |     6 ||    48
Throw: Tomahawk          |       |       |     5 ||     5
  Use: Scroll            |       |     7 |       ||     7
       Potion            |       |       |     8 ||     8
 Stab: Sleeping          |     3 |     4 |     2 ||     9
       Distracted        |       |     1 |       ||     1
  Eat: Chunk             |       |     6 |     2 ||     8
Armor: Robe              |     7 |    31 |     6 ||    44
       Skin              |       |       |     5 ||     5
Dodge: Dodged            |    27 |    92 |    21 ||   140
Block: Other             |       |       |     2 ||     2
       Rpst.: Falchion   |    11 |    26 |     5 ||    42
